MLB
CLEVELAND GUARDIANS @ MINNESOTA TWINS
04/26/2042
 
TOP OF THE 1ST
Cleveland Guardians batting - Pitching for Minnesota Twins : LHP Andy Dawson
Pitching: LHP Andy Dawson
Batting: RHB José Rodríguez 0-0: Ground out 5-3 (Groundball, 25, EV 88.1 MPH)
Batting: RHB Jeff Jacobs 0-0: Called Strike
0-1: Ball
1-1: Foul Ball, location: 2F
1-2: Ground out 1-3 (Groundball, 13S, EV 72.5 MPH)
Batting: RHB Luis García 0-0: Swinging Strike
0-1: Foul Ball, location: 2F
0-2: Foul Ball, location: 3FF
0-2: Ball
1-2: Ball
2-2: Strikes out looking
Top of the 1st over - 0 runs, 0 hits, 0 errors, 0 left on base; Cleveland 0 - Minnesota 0
BOTTOM OF THE 1ST
Minnesota Twins batting - Pitching for Cleveland Guardians : RHP Alex Mills
Pitching: RHP Alex Mills
Batting: RHB Cecilio Kendall 0-0: Called Strike
0-1: Ball
1-1: Ball
2-1: Ball
3-1: Foul Ball, location: 9LDF
3-2: SINGLE (Line Drive, 5D, EV 96.3 MPH)
Batting: LHB Ánibal Santos 0-0: Ball
1-0: Called Strike
Cecilio Kendall steals 2nd base
1-1: Swinging Strike
1-2: Foul Ball, location: 2F
1-2: Ball
2-2: Ball
3-2: Foul Ball, location: 7LDF
3-2: Base on Balls
Batting: LHB Joe Anderson 0-0: Called Strike
0-1: Foul Ball, location: 25F
0-2: Foul Ball, location: 9LDF
0-2: Strikes out looking
Batting: RHB Mike Hudson 0-0: Ball
Cecilio Kendall is caught stealing 3rd base 2-5
Ánibal Santos to second
1-0: Fly out, F8 (Flyball, 89S, EV 88.1 MPH)
Bottom of the 1st over - 0 runs, 1 hit, 0 errors, 1 left on base; Cleveland 0 - Minnesota 0
TOP OF THE 2ND
Cleveland Guardians batting - Pitching for Minnesota Twins : LHP Andy Dawson
Batting: RHB Raúl Benítez 0-0: Swinging Strike
0-1: Ball
1-1: Called Strike
1-2: Fly out, F3 (Popup, 3F, EV 67.5 MPH)
Batting: RHB Faust Ghisolfi 0-0: Ball
1-0: Ball
2-0: Ball
3-0: Base on Balls
Batting: LHB António Caligas 0-0: Ball
1-0: Ball
2-0: Called Strike
2-1: Foul Ball, location: 2F
2-2: Ball
3-2: Strikes out looking
Batting: SHB Tim Webster 0-0: Called Strike
0-1: Ball
1-1: Foul Ball, location: 9LSF
1-2: Foul Ball, location: 2F
1-2: Strikes out swinging
Top of the 2nd over - 0 runs, 0 hits, 0 errors, 1 left on base; Cleveland 0 - Minnesota 0
BOTTOM OF THE 2ND
Minnesota Twins batting - Pitching for Cleveland Guardians : RHP Alex Mills
Batting: SHB Steve Sanders 0-0: Foul Ball, location: 3F
0-1: Swinging Strike
0-2: Ball
1-2: Ball
2-2: Foul Ball, location: 7LMF
2-2: Ball
3-2: Single, Error in OF, E8, batter to second base (Groundball, 6MD, EV 108.8 MPH)
Batting: LHB Pancho Cervantez 0-0: Ball
1-0: DOUBLE (Flyball, 8RXD, EV 111.3 MPH)
Steve Sanders scores
Batting: RHB Connor Teek 0-0: Bunted foul
0-1: Ball
1-1: Bunted foul
1-2: Strikes out swinging
Batting: LHB Kaspar Linge 0-0: Ball
1-0: Ball
2-0: Called Strike
2-1: Ball
3-1: Base on Balls
Batting: RHB Chris Porter 0-0: Foul Ball, location: 2F
0-1: Fly out, F8 (Line Drive, 78M, EV 90.0 MPH)
Batting: RHB Cecilio Kendall 0-0: Foul Ball, location: 9LDF
0-1: Called Strike
0-2: Foul Ball, location: 2LF
0-2: Ball
1-2: Ball
2-2: Ball
3-2: Base on Balls
Pancho Cervantez to third
Kaspar Linge to second
Batting: LHB Ánibal Santos 0-0: Ball
1-0: Called Strike
1-1: Ball
2-1: Called Strike
2-2: Ball
3-2: Foul Ball, location: 7LSF
3-2: Base on Balls
Pancho Cervantez scores
Kaspar Linge to third
Cecilio Kendall to second
Batting: LHB Joe Anderson 0-0: Ball
1-0: Called Strike
1-1: Foul Ball, location: 2F
1-2: Foul Ball, location: 2F
1-2: Ground out 4-3 (Groundball, 4, EV 100.0 MPH)
Bottom of the 2nd over - 2 runs, 2 hits, 1 error, 3 left on base; Cleveland 0 - Minnesota 2
TOP OF THE 3RD
Cleveland Guardians batting - Pitching for Minnesota Twins : LHP Andy Dawson
Batting: LHB Juan Morales 0-0: Hit by Pitch
Batting: RHB Josh Wilson 0-0: Ball
1-0: Foul Ball, location: 3DF
1-1: Called Strike
1-2: Fly out, F8 (Flyball, 8RD, EV 99.4 MPH)
Batting: RHB José Rodríguez 0-0: Fly out, F7 (Flyball, 7, EV 81.9 MPH)
Batting: RHB Jeff Jacobs 0-0: Called Strike
0-1: Reached on error, E6 (Groundball, 6, EV 108.1 MPH)
Juan Morales to second
Batting: RHB Luis García 0-0: SINGLE (Line Drive, 89S, EV 109.4 MPH)
Juan Morales to third
Jeff Jacobs to second
Runner from 3rd tries for Home, SAFE, throw by RF to home
Batting: RHB Raúl Benítez 0-0: Called Strike
0-1: Ball
1-1: TRIPLE (Flyball, 8RXD, EV 106.3 MPH)
Jeff Jacobs scores
Luis García scores
Batting: RHB Faust Ghisolfi 0-0: Ball
1-0: Ball
2-0: Called Strike
2-1: Foul Ball, location: 2F
2-2: Ground out 5-3 (Groundball, 56D, EV 98.8 MPH)
Top of the 3rd over - 3 runs, 2 hits, 1 error, 1 left on base; Cleveland 3 - Minnesota 2
BOTTOM OF THE 3RD
Minnesota Twins batting - Pitching for Cleveland Guardians : RHP Alex Mills
Batting: RHB Mike Hudson 0-0: Called Strike
0-1: Ball
1-1: Foul Ball, location: 3F
1-2: Ball
2-2: Foul Ball, location: 3F
2-2: Ball
3-2: Fly out, F3 (Popup, 3, EV 56.9 MPH)
Batting: SHB Steve Sanders 0-0: Swinging Strike
0-1: Called Strike
0-2: Ball
1-2: Ball
2-2: Foul Ball, location: 2F
2-2: Strikes out swinging
Batting: LHB Pancho Cervantez 0-0: Foul Ball, location: 2F
0-1: Called Strike
0-2: Ball
1-2: Ball
2-2: Ball
3-2: Ground out U3 (Groundball, 3L, EV 83.8 MPH)
Bottom of the 3rd over - 0 runs, 0 hits, 0 errors, 0 left on base; Cleveland 3 - Minnesota 2
TOP OF THE 4TH
Cleveland Guardians batting - Pitching for Minnesota Twins : LHP Andy Dawson
Batting: LHB António Caligas 0-0: Ball
1-0: Foul Ball, location: 5FF
1-1: Ball
2-1: Ball
3-1: Foul Ball, location: 9LSF
3-2: Fly out, F7 (Flyball, 7S, EV 83.1 MPH)
Batting: SHB Tim Webster 0-0: Ball
1-0: Swinging Strike
1-1: Swinging Strike
1-2: Foul Ball, location: 7LSF
1-2: Strikes out swinging
Batting: LHB Juan Morales 0-0: Called Strike
0-1: Ball
1-1: Ball
2-1: Called Strike
2-2: Ball
3-2: Foul Ball, location: 3FF
3-2: Base on Balls
Batting: RHB Josh Wilson 0-0: Ball
1-0: Ball
2-0: Called Strike
2-1: Foul Ball, location: 2F
2-2: Foul Ball, location: 2F
2-2: Strikes out looking
Top of the 4th over - 0 runs, 0 hits, 0 errors, 1 left on base; Cleveland 3 - Minnesota 2
BOTTOM OF THE 4TH
Minnesota Twins batting - Pitching for Cleveland Guardians : RHP Alex Mills
Batting: RHB Connor Teek 0-0: Called Strike
0-1: Foul Ball, location: 2F
0-2: SINGLE (Line Drive, 4D, EV 98.1 MPH)
Batting: LHB Kaspar Linge 0-0: Called Strike
0-1: 2-RUN HOME RUN (Line Drive, 8LXD, EV 102.5 MPH), Distance : 418 ft
Batting: RHB Chris Porter 0-0: Called Strike
0-1: Ball
1-1: Ball
2-1: Ball
3-1: Foul Ball, location: 2F
3-2: Strikes out swinging
Batting: RHB Cecilio Kendall 0-0: Called Strike
0-1: Ground out 5-3 (Groundball, 5, EV 79.4 MPH)
Batting: LHB Ánibal Santos 0-0: DOUBLE (Line Drive, 9LM, EV 105.0 MPH)
Pinch Runner at 2nd Ron Richards:
Batting: LHB Joe Anderson 0-0: Foul Ball, location: 2F
0-1: Called Strike
0-2: Ball
1-2: Ball
2-2: Ball
3-2: Base on Balls
Batting: RHB Mike Hudson 0-0: Called Strike
0-1: Swinging Strike
0-2: Ball
1-2: Strikes out swinging
Bottom of the 4th over - 2 runs, 3 hits, 0 errors, 2 left on base; Cleveland 3 - Minnesota 4
TOP OF THE 5TH
Cleveland Guardians batting - Pitching for Minnesota Twins : LHP Andy Dawson
Now in LF: Ron Richards
Batting: RHB José Rodríguez 0-0: Ball
1-0: Foul Ball, location: 9LSF
1-1: Swinging Strike
1-2: Ball
2-2: Ball
3-2: Base on Balls
Batting: RHB Jeff Jacobs Pickoff Throw to First - Out! 1-3 CS
0-0: Foul Ball, location: 3F
0-1: Ball
1-1: Ground out 4-3 (Groundball, 4, EV 103.1 MPH)
Batting: RHB Luis García 0-0: Ball
1-0: Ball
2-0: Foul Ball, location: 2F
2-1: Ball
3-1: Called Strike
3-2: Foul Ball, location: 2LF
3-2: Foul Ball, location: 2F
3-2: Ground out 4-3 (Groundball, 4M, EV 108.1 MPH)
Top of the 5th over - 0 runs, 0 hits, 0 errors, 0 left on base; Cleveland 3 - Minnesota 4
BOTTOM OF THE 5TH
Minnesota Twins batting - Pitching for Cleveland Guardians : RHP Alex Mills
Batting: SHB Steve Sanders 0-0: Called Strike
0-1: Foul Ball, location: 23FF
0-2: Foul Ball, location: 9LDF
0-2: SOLO HOME RUN (Flyball, 89XD, EV 108.8 MPH), Distance : 412 ft
Batting: LHB Pancho Cervantez 0-0: Called Strike
0-1: Called Strike
0-2: Strikes out looking
Batting: RHB Connor Teek 0-0: Called Strike
0-1: Ball
1-1: Ball
2-1: Ground out 5-3 (Groundball, 56S, EV 86.9 MPH)
Batting: LHB Kaspar Linge 0-0: Called Strike
0-1: Ball
1-1: Foul Ball, location: 5F
1-2: Ball
2-2: Strikes out swinging
Bottom of the 5th over - 1 run, 1 hit, 0 errors, 0 left on base; Cleveland 3 - Minnesota 5
TOP OF THE 6TH
Cleveland Guardians batting - Pitching for Minnesota Twins : LHP Andy Dawson
Batting: RHB Raúl Benítez 0-0: Ball
1-0: Ball
2-0: Foul Ball, location: 5F
2-1: Foul Ball, location: 5F
2-2: Strikes out looking
Batting: RHB Faust Ghisolfi 0-0: Ball
1-0: Ground out 6-3 (Groundball, 6M, EV 103.1 MPH)
Batting: LHB António Caligas 0-0: Called Strike
0-1: Swinging Strike
0-2: Ball
1-2: Strikes out swinging
Top of the 6th over - 0 runs, 0 hits, 0 errors, 0 left on base; Cleveland 3 - Minnesota 5
BOTTOM OF THE 6TH
Minnesota Twins batting - Pitching for Cleveland Guardians : RHP Alex Mills
Pitching: LHP Chris Fox
Batting: RHB Chris Porter 0-0: Ball
1-0: Swinging Strike
1-1: Ball
2-1: Called Strike
2-2: Fly out, F8 (Flyball, 8RD, EV 105.6 MPH)
Batting: RHB Cecilio Kendall 0-0: Ground out 6-3 (Groundball, 6, EV 103.8 MPH)
Batting: SHB Ron Richards 0-0: Called Strike
0-1: Ball
1-1: Ball
2-1: Foul Ball, location: 2F
2-2: Foul Ball, location: 9LMF
2-2: Foul Ball, location: 23F
2-2: Strikes out swinging
Bottom of the 6th over - 0 runs, 0 hits, 0 errors, 0 left on base; Cleveland 3 - Minnesota 5
TOP OF THE 7TH
Cleveland Guardians batting - Pitching for Minnesota Twins : LHP Andy Dawson
Batting: SHB Tim Webster 0-0: Foul Ball, location: 2RF
0-1: Swinging Strike
0-2: Foul Ball, location: 3F
0-2: Ball
1-2: Foul Ball, location: 7LMFF
1-2: Ball
2-2: Ball
3-2: Fly out, F9 (Line Drive, 9, EV 95.6 MPH)
Pitching: RHP Lúcio Barrios
Batting: LHB Juan Morales 0-0: Ground out 4-3 (Groundball, 4, EV 107.5 MPH)
Batting: RHB Josh Wilson 0-0: Swinging Strike
0-1: Ball
1-1: Ball
2-1: Ground out 6-3 (Groundball, P, EV 85.6 MPH)
Top of the 7th over - 0 runs, 0 hits, 0 errors, 0 left on base; Cleveland 3 - Minnesota 5
BOTTOM OF THE 7TH
Minnesota Twins batting - Pitching for Cleveland Guardians : LHP Chris Fox
Batting: LHB Joe Anderson 0-0: Swinging Strike
0-1: Ground out 4-3 (Groundball, 4, EV 101.3 MPH)
Batting: RHB Mike Hudson 0-0: Foul Ball, location: 25F
0-1: Foul Ball, location: 2LF
0-2: Strikes out swinging
Batting: SHB Steve Sanders 0-0: Called Strike
0-1: Ball
1-1: Swinging Strike
1-2: Strikes out swinging
Bottom of the 7th over - 0 runs, 0 hits, 0 errors, 0 left on base; Cleveland 3 - Minnesota 5
TOP OF THE 8TH
Cleveland Guardians batting - Pitching for Minnesota Twins : RHP Lúcio Barrios
Now at 1B: Juan Juárez
Batting: RHB José Rodríguez 0-0: Called Strike
0-1: Fly out, F7 (Flyball, 7LS, EV 88.8 MPH)
Batting: RHB Jeff Jacobs 0-0: Foul Ball, location: 5FF
0-1: Ball
1-1: Swinging Strike
1-2: Ball
2-2: Ball
3-2: Strikes out swinging
Batting: RHB Luis García 0-0: Called Strike
0-1: Ball
1-1: Ball
2-1: Foul Ball, location: 2F
2-2: Foul Ball, location: 2F
2-2: DOUBLE (Line Drive, 78XD, EV 110.0 MPH)
Batting: RHB Raúl Benítez 0-0: Ball
1-0: Called Strike
1-1: Foul Ball, location: 2F
1-2: Ball
2-2: Foul Ball, location: 25F
2-2: Foul Ball, location: 2F
2-2: Foul Ball, location: 3F
2-2: SINGLE (Flyball, 6D, EV 85.6 MPH)
Luis García to third
Runner from 3rd tries for Home, SAFE, throw by CF to home
Batting: RHB Faust Ghisolfi
Batting: LHB José Fontanez 0-0: Called Strike
0-1: Swinging Strike
0-2: Strikes out swinging
Top of the 8th over - 1 run, 2 hits, 0 errors, 1 left on base; Cleveland 4 - Minnesota 5
BOTTOM OF THE 8TH
Minnesota Twins batting - Pitching for Cleveland Guardians : LHP Chris Fox
Batting: LHB Pancho Cervantez 0-0: Swinging Strike
0-1: Ball
1-1: Called Strike
1-2: Strikes out swinging
Batting: RHB Connor Teek 0-0: Ball
1-0: Called Strike
1-1: Ball
2-1: Fly out, F8 (Flyball, 8LM, EV 97.5 MPH)
Batting: LHB Kaspar Linge 0-0: Ball
1-0: TRIPLE (Line Drive, 89XD, EV 110.0 MPH)
Batting: RHB Chris Porter 0-0: Ball
1-0: Ball
2-0: Called Strike
2-1: Ball
3-1: Called Strike
3-2: Base on Balls
Batting: RHB Cecilio Kendall 0-0: Ball
1-0: Called Strike
1-1: Swinging Strike
1-2: SINGLE (Line Drive, 9LS, EV 108.1 MPH)
Kaspar Linge scores
Chris Porter to second
Batting: SHB Ron Richards 0-0: Ball
1-0: Ball
2-0: Foul Ball, location: 7LSF
2-1: Foul Ball, location: 2F
2-2: Ball
3-2: Ground out 6-3 (Groundball, 4MS, EV 80.6 MPH)
Bottom of the 8th over - 1 run, 2 hits, 0 errors, 2 left on base; Cleveland 4 - Minnesota 6
TOP OF THE 9TH
Cleveland Guardians batting - Pitching for Minnesota Twins : RHP Lúcio Barrios
Pitching: RHP Giancarlo Scarabelli
Batting: LHB António Caligas 0-0: Called Strike
0-1: Foul Ball, location: 7LDF
0-2: Ball
1-2: Ground out 4-3 (Groundball, 4M, EV 80.6 MPH)
Batting: SHB Tim Webster 0-0: Called Strike
0-1: Ball
1-1: Foul Ball, location: 7LSF
1-2: Foul Ball, location: 25FF
1-2: Strikes out swinging
Batting: LHB Juan Morales 0-0: Foul Ball, location: 3F
0-1: Ball
1-1: Ball
2-1: Foul Ball, location: 2F
2-2: Ground out U3 (Groundball, 34, EV 87.5 MPH)
Top of the 9th over - 0 runs, 0 hits, 0 errors, 0 left on base; Cleveland 4 - Minnesota 6
Friday, May 3rd , 2024 - OOTP Baseball 24.10 Build 82